 Dungeon Crawl Stone Soup version 0.29.0-15-g675c0067aa (webtiles) character file.

Game seed: 13232887374777590044

980 NinjaNoafa the Skirmisher (level 8, 0/49 HPs)
             Began as a Kobold Arcane Marksman on Sept 11, 2022.
             Slain by a jelly (3 damage)
             ... on level 5 of the Dungeon on Sept 12, 2022.
             The game lasted 00:18:02 (6367 turns).

NinjaNoafa the Skirmisher (Kobold Arcane Marksman)  Turns: 6367, Time: 00:18:02

Health: 0/49       AC:  0    Str:  7    XL:     8   Next: 40%
Magic:  20/25      EV: 17    Int: 15    God:
Gold:   325        SH:  0    Dex: 17    Spells: 4/18 levels left

rFire   . . .      SeeInvis .   a - +1 sling (flame)
rCold   . . .      Faith    +   (no shield)
rNeg    . . .      Spirit   .   c - +2 robe
rPois   .          Reflect  .   (no helmet)
rElec   .          Harm     .   m - scarf {repulsion}
rCorr   .          Rampage  .   (no gloves)
Will    .....                   (no boots)
Stlth   ++++......              o - amulet of faith
HPRegen 0.16/turn               l - ring of magical power
MPRegen 0.19/turn               r - ring of wizardry

@: lethally poisoned (0 -> -3), about to teleport, corroded, invisible, repel
missiles
A: small, no large weapons, nightstalker 3, no potion heal 1, subdued magic 1
a: no special abilities


You were on level 5 of the Dungeon.
You visited 1 branch of the dungeon, and saw 5 of its levels.

You collected 325 gold pieces.

Inventory:

Hand Weapons
 a - a +1 sling of flaming (weapon)
 k - a +1 dagger of venom
Missiles
 e - 40 stones
 h - 3 poisoned darts
 j - 2 throwing nets
Armour
 c - a +2 robe (worn)
 m - a scarf of repulsion (worn)
Jewellery
 l - a ring of magical power (left hand)
 o - an amulet of faith (around neck)
 r - a ring of wizardry (right hand)
Wands
 n - a wand of light (12)
Scrolls
 d - a scroll of enchant armour
 p - a scroll of teleportation
 q - 5 scrolls of noise
 s - a scroll of summoning
Potions
 b - 2 potions of degeneration {unknown}
 f - a potion of attraction
 i - a potion of haste {unknown}


   Skills:
 - Level 5.0 Fighting
 + Level 8.9 Ranged Weapons
 + Level 5.6 Dodging
 + Level 5.5 Stealth
 + Level 5.5 Spellcasting
 + Level 7.6 Hexes
 + Level 5.4 Fire Magic


You had 4 spell levels left.
You knew the following spells:

 Your Spells              Type           Power      Damage    Failure   Level
a - Slow                  Hex            80%        N/A       1%          1
b - Inner Flame           Hex/Fire       18%        N/A       1%          3
c - Portal Projectile     Hex/Tloc       22%        N/A       3%          3
d - Cause Fear            Hex            10%        N/A       2%          4
e - Summon Guardian Gole  Hex/Summ       11%        N/A       3%          3

Your spell library contained the following spells:

 Spells                   Type           Power      Damage    Failure   Level
 Summon Small Mammal      Summ           12%        N/A       5%          1
 Ignite Poison            Fire/Tmut/Pois 7%         N/A       8%          3
 Call Canine Familiar     Summ           3%         N/A       16%         3
 Gell's Gravitas          Tloc           3%         N/A       16%         3
 Lesser Beckoning         Tloc           3%         N/A       16%         3
 Mephitic Cloud           Conj/Pois/Air  3%         N/A       16%         3
 Teleport Other           Tloc           3%         N/A       16%         3
 Freezing Cloud           Conj/Ice/Air   1%         6-21      82%         5


Dungeon Overview and Level Annotations

Branches:
Dungeon (5/15)             Temple (0/1) D:5

Altars:
Ashenzari
Trog

Annotations:
D:5 1 runed translucent door, keekatzer's ghost, amateur DrMo


Innate Abilities, Weirdness & Mutations

You are small and have problems with some larger weapons.
You are completely attuned to the shadows.
Potions are less effective at restoring your health.
Your spells are a little easier to cast, but a little less powerful.


Message History

You magically shoot a sling bullet.
The sling bullet hits the scorpion but does no damage.
The scorpion is heavily wounded.
The scorpion stings you but does no damage.
The gnoll misses you. The jelly hits you. The acid corrodes you!
You are splashed with acid!
Fire: a) +1 sling (flame)
Press: ? - help, Q - select action, (/) - cycle Shift-Dir - straight line, f/p - scorpion
Aim: a scorpion (heavily wounded, 65% to hit)
You magically shoot a sling bullet.
The sling bullet hits the scorpion but does no damage.
The scorpion is heavily wounded.
The scorpion stings you. The jelly barely misses you.
The gnoll hits you from afar with a +0 halberd!
Okay, then.
Your system partially rejects the healing.
You feel better.
You are no longer teleporting projectiles to their destination.
The scorpion stings you.
You are poisoned.
The scorpion poisons you! The gnoll closely misses you.
The jelly barely misses you.
You fade into invisibility!
You feel very sick. The scorpion barely misses you.
The jelly completely misses you. The gnoll completely misses you.
As you read the scroll of teleportation, it crumbles to dust.
You feel strangely unstable.
You feel sick. The scorpion closely misses you. The scorpion misses you.
A gnoll bouda comes into view.
It is wielding a +1 whip of electrocution.
The gnoll misses you. The jelly barely misses you.
You feel sick. The scorpion stings you.
* * * LOW HITPOINT WARNING * * *
The jelly misses you. The gnoll misses you.
A gnoll comes into view. It is wielding a +0 spear.
You feel sick.
The gnoll bouda hits you with a +1 whip of electrocution.
* * * LOW HITPOINT WARNING * * *
The jelly hits you.
You die...

#.# #
..♣♣♣..#
#.#
#.#♣♣..####
#.#
#.........#
######.....
...#.##.#
##g#.#...
#.g.)....
#..#.####
#..#s@g.#
#. #J##)#
### #


You could see a gnoll bouda (wandering, unable to see you), a scorpion (unable
to see you), a jelly and 2 gnolls.

Vanquished Creatures
  An ogre (D:5)
  A phantom (D:5)
  A scorpion (D:4)
  2 hounds (D:5)
  A quasit (D:5)
  An orc priest (D:4)
  Jessica (D:3)
  3 iguanas
  5 orc wizards
  4 gnolls (D:4)
  3 adders
  A shadow imp (D:5)
  2 white imps (D:5)
  2 ufetubi
  2 worms (D:3)
  5 dart slugs
  10 orcs
  2 bats
  7 endoplasms
  2 giant cockroaches
  5 goblins
  4 hobgoblins
  5 quokkas
  11 ball pythons
  4 frilled lizards
  12 kobolds
  8 rats
105 creatures vanquished.

Vanquished Creatures (others)
  5 demonic plants (D:5)
5 creatures vanquished.

Grand Total: 110 creatures vanquished

Notes
Turn   | Place    | Note
-------+----------+-------------------------------------------
     0 | D:1      | NinjaNoafa the Kobold Arcane Marksman began the quest for
                  | the Orb.
     0 | D:1      | Reached XP level 1. HP: 12/12 MP: 2/2
    65 | D:1      | Reached skill level 3 in Ranged Weapons
    90 | D:1      | Reached XP level 2. HP: 14/16 MP: 1/3
   369 | D:1      | Reached XP level 3. HP: 9/20 MP: 1/4
   941 | D:1      | You fall into a shaft and drop 1 floor!
  1012 | D:2      | Reached skill level 4 in Ranged Weapons
  1750 | D:2      | Found a faded altar of an unknown god.
  1787 | D:2      | Reached XP level 4. HP: 25/25 MP: 5/5
  1818 | D:2      | Found a bloodstained altar of Trog.
  2476 | D:3      | Noticed Jessica
  2482 | D:3      | Killed Jessica
  2519 | D:3      | Reached XP level 5. HP: 29/29 MP: 6/6
  2609 | D:3      | Reached skill level 5 in Ranged Weapons
  3658 | D:4      | Reached skill level 5 in Hexes
  3668 | D:4      | Reached XP level 6. HP: 14/35 MP: 7/7
  4019 | D:4      | Gained mutation: Your spells are a little easier to cast,
                  | but a little less powerful. [potion of mutation]
  4019 | D:4      | Gained mutation: Potions are less effective at restoring
                  | your health. [potion of mutation]
  4019 | D:4      | Gained mutation: You are weak. (Str -2) [potion of
                  | mutation]
  4019 | D:4      | Lost mutation: You are weak. (Str -2) [potion of mutation]
  4021 | D:4      | Reached skill level 8 in Ranged Weapons
  4021 | D:4      | Reached skill level 5 in Dodging
  4021 | D:4      | Reached skill level 5 in Stealth
  4021 | D:4      | Reached skill level 5 in Spellcasting
  4021 | D:4      | Reached skill level 5 in Fire Magic
  4021 | D:4      | Reached XP level 7. HP: 20/44 MP: 7/15
  4245 | D:4      | Learned a level 3 spell: Inner Flame
  4250 | D:4      | Learned a level 4 spell: Cause Fear
  4254 | D:4      | Learned a level 3 spell: Portal Projectile
  5249 | D:5      | Entered Level 5 of the Dungeon
  5277 | D:5      | Found a runed translucent door.
  5278 | D:5      | Noticed keekatzer's ghost (amateur DrMo)
  5311 | D:5      | Found a broken altar of Ashenzari.
  5694 | D:5      | Reached XP level 8. HP: 38/48 MP: 16/16
  5790 | D:5      | Learned a level 3 spell: Summon Guardian Golem
  5984 | D:5      | Found a staircase to the Ecumenical Temple.
  6291 | D:5      | Reached skill level 5 in Fighting
  6367 | D:5      | Slain by a jelly

Illustrated notes

Levels and vault maps discovered:
D:1:      wander_arrival_desolate, layout_rooms
D:2:      layout_basic, hellmonk_ecumenical_altar_crossroads, basic_altar
D:3:      layout_basic, uniq_jessica
D:4:      layout_cave_pools, minmay_misc_feat_chi
D:5:      layout_basic, mainiacjoe_overflow_concentric_impassable,
          temple_fountains, serial_demonic, serial_demonic_f, serial_demonic_c,
          serial_demonic_b, serial_demonic_c, serial_demonic_b,
          serial_demonic_b, serial_shops, shop, gammafunk_ghost_grave,
          dreamdust_princess_corridor

Skill      XL: |  1  2  3  4  5  6  7  8 |
---------------+-------------------------+-----
Ranged Weapons | 3 4 5 8 |  8.9
Hexes          | 4 5 7 |  7.6
Fighting       | 2 4 5 |  5.0
Dodging        | 3 5 |  5.6
Stealth        | 5 |  5.5
Spellcasting   | 5 |  5.5
Fire Magic     | 5 |  5.4

Action                   |  1- 3 |  4- 6 |  7- 9 || total
-------------------------+-------+-------+-------++-------
Melee: Short sword       |     2 |       |       ||     2
       Dagger            |     5 |    52 |    44 ||   101
       Punch             |       |     1 |     1 ||     2
 Fire: Sling             |    88 |    81 |   134 ||   303
 Cast: Slow              |    12 |       |     5 ||    17
       Portal Projectile |       |       |    10 ||    10
       Inner Flame       |       |       |     4 ||     4
       Summon Guardian G |       |       |     1 ||     1
  Use: Scroll            |       |     9 |     5 ||    14
       Potion            |       |     7 |     4 ||    11
Armor: Robe              |     5 |     5 |    23 ||    33
       Skin              |       |    11 |       ||    11
Dodge: Dodged            |    68 |    51 |   137 ||   256
       Repelled          |       |       |     1 ||     1
